 Dungeon Crawl Stone Soup version 0.30-a0-900-g23479c02f2 (webtiles) character file.

Game seed: 14945175028894785968

179 gelatine the Chopper (level 5, -6/40 HPs)
             Began as a Demonspawn Gladiator on Mar 18, 2023.
             Mangled by a killer bee (8 damage)
             ... on level 4 of the Dungeon.
             The game lasted 00:04:56 (2584 turns).

gelatine the Chopper (Demonspawn Gladiator)         Turns: 2584, Time: 00:04:57

Health: -6/40      AC:  4    Str: 16    XL:     5   Next: 32%
Magic:  5/5        EV: 13    Int: 13    God:
Gold:   164        SH:  0    Dex: 21    Spells: 4/4 levels left

rFire   . . .      SeeInvis .    a - +0 war axe
rCold   . . .      Faith    .    (no shield)
rNeg    . . .      Spirit   .    b - +0 leather armour
rPois   .          Reflect  .    (helmet restricted)
rElec   .          Rampage  .    f - +0 cloak
rCorr   .                        (no gloves)
Will    .....                    (no boots)
Stlth   ++                       (no amulet)
HPRegen 0.26/turn                j - +6 ring of dexterity
MPRegen 0.09/turn                (no ring)

@: no status effects
A: horns 1, big brain 2
a: no special abilities


You were on level 4 of the Dungeon.
You visited 1 branch of the dungeon, and saw 4 of its levels.

You collected 164 gold pieces.

Inventory:

Hand Weapons
 a - a +0 war axe (weapon)
Armour
 b - a +0 leather armour (worn)
 c - a +0 helmet
 f - a +0 cloak (worn)
Jewellery
 j - a +6 ring of dexterity (left hand)
Scrolls
 d - a scroll of enchant weapon {unknown}
 e - a scroll of teleportation {unknown}
 i - a scroll of magic mapping {unknown}
 l - 2 scrolls of noise {unknown}
 n - 2 scrolls of immolation {unknown}
 q - a scroll of identify {unknown}
Potions
 g - a potion of curing
 h - a potion of degeneration {unknown}
 k - a potion of haste {unknown}
 m - a potion of cancellation {unknown}
 o - a potion of invisibility {unknown}


   Skills:
 * Level 2.8 Fighting
 + Level 3.8 Axes
 + Level 2.1 Throwing
 * Level 1.9 Armour
 * Level 3.4 Dodging
 + Level 0.5 Stealth


You had 4 spell levels left.
You didn't know any spells.
Your spell library contained the following spells:

 Spells                   Type           Power      Damage    Failure   Level
 Lesser Beckoning         Tloc           0%         N/A       50%         2
 Gell's Gravitas          Tloc           0%         N/A       75%         3
 Teleport Other           Tloc           0%         N/A       75%         3


Dungeon Overview and Level Annotations

Branches:
Dungeon (4/15)
 Temple: D:4-7

Altars:

Annotations:
D:4 Pikel


Innate Abilities, Weirdness & Mutations

You have a pair of small horns on your head.
You have an extremely huge brain. (Int +4)


Message History

You slash the killer bee!
The killer bee is heavily wounded.
You hit the killer bee.
You feel very sick. The killer bee barely misses you.
The killer bee stings you. x2
The killer bee misses you.
It was a potion of curing.
You feel better. The killer bee barely misses you. x2
The killer bee completely misses you.
You hit the killer bee. Your headbutt misses the killer bee.
The killer bee is moderately wounded.
You closely miss the killer bee. The killer bee stings you.
The killer bee closely misses you.
The killer bee stings you but does no damage.
The killer bee stings you. The killer bee barely misses you.
The killer bee misses you.
You hit the killer bee but do no damage.
Your headbutt misses the killer bee.
The killer bee is heavily wounded.
You miss the killer bee. The killer bee closely misses you.
The killer bee misses you.
The killer bee stings you but does no damage.
The killer bee stings you!
You barely miss the killer bee.
The killer bee is heavily wounded.
You miss the killer bee. The killer bee misses you.
The killer bee barely misses you. x2
The killer bee stings you but does no damage.
The killer bee closely misses you. x2
Unknown command.
The killer bee attacks as you move away!
The killer bee stings you.
* * * LOW HITPOINT WARNING * * *
The killer bee barely misses you.
The killer bee attacks as you move away!
The killer bee barely misses you. The killer bee closely misses you.
The killer bee stings you!
* * * LOW HITPOINT WARNING * * *
The killer bee completely misses you. The killer bee misses you.
The killer bee stings you!
You die...

######### #..yyy...
#######'#####
#......y..#.#####
#........y......#
#.......yy#.....#
.########'#@#.#####.#
..........#.)<.......
###################.#


You could see 4 killer bees.

Vanquished Creatures
  A hound (D:4)
  Terence (D:2)
  A gnoll (D:4)
  3 adders
  2 worms (D:2)
  A dart slug (D:1)
  9 orcs (D:3)
  12 ball pythons
  2 bats
  2 endoplasms
  2 giant cockroaches
  6 goblins
  5 hobgoblins
  2 jackals (D:2)
  2 quokkas
  3 frilled lizards
  A goblin zombie (D:4)
  A hobgoblin zombie (D:4)
  7 kobolds
  2 rats
65 creatures vanquished.

Vanquished Creatures (others)
  5 toadstools (D:1)
5 creatures vanquished.

Grand Total: 70 creatures vanquished

Notes
Turn   | Place    | Note
-------+----------+-------------------------------------------
     0 | D:1      | gelatine the Demonspawn Gladiator began the quest for the
                  | Orb.
     0 | D:1      | Reached XP level 1. HP: 16/16 MP: 1/1
     1 | D:1      | You fall into a shaft and drop 1 floor!
   404 | D:1      | Gained mutation: You have a pair of small horns on your
                  | head. [demonic ancestry]
   404 | D:1      | Reached XP level 2. HP: 22/22 MP: 2/2
  1031 | D:2      | Reached XP level 3. HP: 27/27 MP: 3/3
  1039 | D:2      | Noticed Terence
  1052 | D:2      | Killed Terence
  1053 | D:2      | Reached skill level 1 in Armour
  1128 | D:2      | Gained mutation: You have an unusually large brain. (Int
                  | +2) [demonic ancestry]
  1128 | D:2      | Reached XP level 4. HP: 33/34 MP: 4/4
  2393 | D:4      | Noticed Pikel
  2395 | D:4      | Gained mutation: You have an extremely huge brain. (Int +4)
                  | [demonic ancestry]
  2395 | D:4      | Reached XP level 5. HP: 35/39 MP: 5/5
  2399 | D:4      | Noticed a lemure
  2403 | D:4      | Noticed a lemure
  2583 | D:4      | HP: 2/40 [killer bee (7)]
  2584 | D:4      | Mangled by a killer bee

Illustrated notes

Levels and vault maps discovered:
D:1:      ldierk_walled_garden, layout_loops_corners, minmay_tetromino_s2
D:2:      layout_basic, grunt_ministairs_7, uniq_terence
D:3:      layout_loops_ring
D:4:      layout_basic, nicolae_tso_besieged_by_evil, minmay_temple_entry_grid,
          gammafunk_ghost_nasty_kobolds, uniq_pikel

Skill      XL: |  1  2  3 |
---------------+----------+-----
Throwing       | 2 |  2.1
Axes           | 3 |  3.8
Dodging        | 3 |  3.4
Armour         | 1 |  1.9
Fighting       | |  2.8
Stealth        | |  0.5

Action                     |  1- 3 |  4- 6 || total
---------------------------+-------+-------++-------
  Melee: War axe           |    79 |    82 ||   161
         Punch             |     1 |       ||     1
         Headbutt          |    11 |    12 ||    23
  Throw: Throwing net      |     3 |     4 ||     7
         Javelin           |       |     8 ||     8
         Dart              |       |     3 ||     3
    Use: Potion            |       |     1 ||     1
   Stab: Sleeping          |       |     2 ||     2
 Armour: Leather armour    |    28 |    22 ||    50
  Dodge: Dodged            |    63 |    82 ||   145

Table legend: (Time is in decaauts)
 A = Elapsed time spent in this place.
 B = Non-inter-level travel time spent in this place.
 C = Inter-level travel time spent in this place.
 D = Time resting spent in this place.
 E = Time spent auto-exploring this place.
 F = Levels seen in this place.
 G = Mean time per level.
                   A        B        C        D        E       F      G
               +--------+--------+--------+--------+--------+-----+--------+
         Total |   2641 |   2576 |     65 |      0 |   2024 |   4 |  660.2 |
       Dungeon |   2641 |   2576 |     65 |      0 |   2024 |   4 |  660.2 |
               +--------+--------+--------+--------+--------+-----+--------+

Top non-repeatable levels by time:
     D:2: 881 daAuts
     D:1: 881 daAuts
     D:3: 761 daAuts
     D:4: 116 daAuts
